 Dungeon Crawl Stone Soup version 0.29-a0-483-g69413ace17 (webtiles) character file.

Game seed: 16431297920649582187

21577 greasedhog the Severer (level 12, 0/82 (90) HPs)
             Began as a Hill Orc Berserker on May 25, 2022.
             Was an Elder of Trog.
             Killed from afar by a gargoyle (20 damage)
             ... with a stone arrow
             ... on level 10 of the Dungeon.
             The game lasted 00:22:56 (12723 turns).

greasedhog the Severer (Hill Orc Berserker)        Turns: 12723, Time: 00:22:57

HP:   0/82 (90)     AC: 12    Str: 25    XL:     12   Next: 91%
MP:   12/12         EV:  8    Int:  7    God:    Trog [****..]
Gold: 322           SH:  5    Dex: 10    Spells: 11/11 levels left

rFire   . . .      SeeInvis .   p - +0 war axe (chaos)
rCold   . . .      Faith    .   (no shield)
rNeg    . . .      Spirit   .   k - +0 plate armour
rPois   +          Reflect  +   (no helmet)
rElec   .          Harm     .   x - scarf {+Inv}
rCorr   .          Rampage  .   (no gloves)
Will    .....                   g - +0 pair of boots
Stlth   ..........              j - amulet of reflection
HPRegen 0.23/turn               f - ring of poison resistance
MPRegen 0.13/turn               A - ring of flight

@: flying, drained
A: screaming 1, wild magic 1
a: Renounce Religion, Evoke Invisibility, Berserk, Trog's Hand, Brothers in Arms


You were on level 10 of the Dungeon.
You worshipped Trog.
Trog was greatly pleased with you.
You visited 2 branches of the dungeon, and saw 11 of its levels.
You also visited: Bailey.

You collected 640 gold pieces.
You spent 318 gold pieces at shops.

Inventory:

Hand Weapons
 n - a +2 mace of draining
 p - a +0 war axe of chaos (weapon)
 J - a +2 hand crossbow of freezing
Missiles
 G - 5 boomerangs (quivered)
Armour
 g - a +0 pair of boots (worn)
 k - a +0 plate armour (worn)
 x - a scarf of invisibility (worn)
Jewellery
 f - a ring of poison resistance (left hand)
 j - an amulet of reflection (around neck)
 A - a ring of flight (right hand)
 L - a ring of protection from fire
Wands
 q - a wand of charming (23)
 r - a wand of acid (13)
 w - a wand of polymorph (6)
 F - a wand of mindburst (11)
Scrolls
 a - 2 scrolls of immolation
 b - 3 scrolls of blinking
 e - 3 scrolls of fear
 u - 2 scrolls of teleportation
 y - 3 scrolls of magic mapping
 z - a scroll of silence
 B - a scroll of vulnerability
 C - 2 scrolls of enchant weapon
 H - a scroll of fog
 I - a scroll of summoning
Potions
 c - a potion of haste
 d - 5 potions of might
 h - 2 potions of flight
 i - 2 potions of brilliance {unknown}
 l - 3 potions of heal wounds
 o - 5 potions of curing
 s - a potion of magic {unknown}
 t - 2 potions of berserk rage {unknown}
 v - a potion of lignification {unknown}
 D - a potion of cancellation {unknown}
 E - a potion of attraction {unknown}
 K - a potion of ambrosia {unknown}


   Skills:
 - Level 3.6 Fighting
 - Level 17.1 Axes
 * Level 8.1 Crossbows
 - Level 2.1 Armour
 - Level 6.0 Dodging
 - Level 0.3 Shields
 * Level 12.4 Evocations


You had 11 spell levels left.
You didn't know any spells.
Your spell library was empty.

Dungeon Overview and Level Annotations

Branches:
Dungeon (10/15)            Temple (1/1) D:5          Bailey (visited)
   Lair: D:8-11         Orc: D:9-12

Altars:
Ashenzari
Cheibriados
Dithmenos
Elyvilon
Fedhas
Gozag
Hepliaklqana
Kikubaaqudgha
Makhleb
Okawaru
Qazlal
Ru
Sif Muna
Trog
Uskayaw
Vehumet
Wu Jian
Xom
Yredelemnul
Zin
The Shining One

Shops:
D:4 ?   D:6 [*?=(

Annotations:
D:6 2 transporters, spaghetti's ghost, novice OgBe


Innate Abilities, Weirdness & Mutations

You occasionally shout uncontrollably at your foes.
Your spells are a little harder to cast, but a little more powerful.


Message History

The gargoyle hits you but does no damage.
You closely miss the gargoyle.
The gargoyle is heavily damaged.
The gargoyle hits you with a +0 flail!!
You barely miss the gargoyle.
The gargoyle is heavily damaged.
You hit the gargoyle but do no damage.
The gargoyle is heavily damaged.
The gargoyle barely misses you.
You hit the gargoyle but do no damage.
The gargoyle appears confused.
The gargoyle is heavily damaged.
You block the gargoyle's attack.
You hit the gargoyle but do no damage.
The gargoyle is heavily damaged.
You catch the helpless gargoyle completely off-guard!
You hit the gargoyle. You freeze the gargoyle.
The gargoyle is severely damaged.
The gargoyle hits you with a +0 flail!
You hit the gargoyle but do no damage.
The gargoyle flickers and vanishes!
Deactivating autopickup; reactivate with Ctrl-A.
Something hits you but does no damage.
You hit something. Something hits you! Something hits you but does no damage.
You hit something but do no damage. You hit something but do no damage.
You hit something. Something hits you! Something hits you.
Found an opulent altar of Gozag.
Something hits you!!
* * * LOW HITPOINT WARNING * * *
You feel much better.
A stone arrow appears from out of thin air!
The stone arrow hits you!!
* * * LOW HITPOINT WARNING * * *
You feel drained.
You fail to use your ability.
A stone arrow appears from out of thin air!
The stone arrow hits you!!
You die...

#........#
.'.......
#....#######
##.......
#....### ..#
#.......
#......# _.#
########
#......#...#
#......#'''# .
#......#...#..
#......'.#.'..
#.....@'.#.'..
#....{.'.#.''#
#..#####...#..
#..# '''# .
#..# ...# #...
._.# #.... ..#
#..... ##
#....:.


There were no monsters in sight!

Vanquished Creatures
  An orc warlord (Bailey)
  Erolcha (D:9)
  A two-headed ogre (D:9)
  The ghost of GayMysterio the Geomancer, a novice GrEE of Zin (D:9)
  A tengu conjurer (D:9)
  3 wyverns
  A wraith (D:6)
  2 vampire mosquitoes
  18 yaks
  A water moccasin (D:8)
  An ice beast (D:7)
  12 orc warriors (Bailey)
  2 black bears
  5 centaurs
  3 kobold brigands
  A gnoll sergeant (D:9)
  2 bullfrogs
  A necrophage (D:6)
  8 wights
  12 killer bees
  6 howler monkeys
  2 jellies (D:6)
  6 hounds
  4 orc priests
  7 orc wizards
  Jessica (D:3)
  4 iguanas
  Natasha (D:4)
  11 gnolls
  8 adders
  A shadow imp (D:7)
  A white imp (D:7)
  2 dart slugs
  27 orcs
  6 endoplasms
  6 giant cockroaches
  13 hobgoblins
  3 quokkas
  12 ball pythons
  9 bats
  3 frilled lizards
  16 goblins
  14 kobolds
  5 rats
245 creatures vanquished.

Vanquished Creatures (collateral kills)
  A gnoll (Bailey)
1 creature vanquished.

Vanquished Creatures (others)
  A vampire mosquito zombie (D:10)
  A hobgoblin zombie (Bailey)
2 creatures vanquished.

Grand Total: 248 creatures vanquished

Notes
Turn   | Place    | Note
-------+----------+-------------------------------------------
     0 | D:1      | greasedhog the Hill Orc Berserker began the quest for the
                  | Orb.
     0 | D:1      | Reached XP level 1. HP: 19/19 MP: 1/1
   605 | D:1      | Reached XP level 2. HP: 23/26 MP: 2/2
   784 | D:1      | Found a faded altar of an unknown god.
  1270 | D:2      | Reached skill level 5 in Axes
  1351 | D:2      | Reached XP level 3. HP: 31/31 MP: 3/3
  1538 | D:2      | Reached ** piety under Trog
  2022 | D:2      | Reached XP level 4. HP: 39/39 MP: 4/4
  2027 | D:2      | Reached skill level 6 in Axes
  2336 | D:3      | Reached XP level 5. HP: 17/45 MP: 5/5
  2339 | D:3      | Reached skill level 7 in Axes
  3315 | D:3      | Noticed Jessica
  3316 | D:3      | Found a hazy altar of Hepliaklqana.
  3317 | D:3      | Found a faded altar of an unknown god.
  3323 | D:3      | Killed Jessica
  3324 | D:3      | Reached XP level 6. HP: 51/51 MP: 6/6
  3489 | D:3      | Reached *** piety under Trog
  4096 | D:4      | Found a radiant altar of Vehumet.
  4257 | D:4      | Found a sacrificial altar of Ru.
  4280 | D:4      | Reached skill level 1 in Evocations
  4285 | D:4      | Reached skill level 8 in Axes
  4454 | D:4      | Found Keju's Magic Scroll Shop.
  4462 | D:4      | Bought a scroll of identify for 20 gold pieces
  4462 | D:4      | Bought a scroll of identify for 20 gold pieces
  4512 | D:4      | Noticed a black bear
  4521 | D:4      | Killed a black bear
  4582 | D:4      | Noticed Natasha
  4587 | D:4      | Killed Natasha
  4588 | D:4      | Reached XP level 7. HP: 57/57 MP: 7/7
  4774 | D:5      | Entered Level 5 of the Dungeon
  4856 | D:5      | Reached skill level 9 in Axes
  5058 | D:5      | Found a staircase to the Ecumenical Temple.
  5084 | Temple   | Entered the Ecumenical Temple
  6136 | D:6      | Found a transporter.
  6138 | D:6      | Noticed a wraith
  6138 | D:6      | Noticed spaghetti's ghost (novice OgBe)
  6150 | D:6      | Killed a wraith
  6151 | D:6      | Reached XP level 8. HP: 64/64 MP: 8/8
  6201 | D:6      | Found a transporter.
  6223 | D:6      | Reached skill level 10 in Axes
  6354 | D:6      | Found Otih Kuw's Jewellery Shoppe.
  6368 | D:6      | Found Golid's Weapon Boutique.
  6379 | D:6      | Reached skill level 5 in Evocations
  6423 | D:6      | Found Fuirrik's Armour Emporium.
  6569 | D:6      | Found Riteiwe's Magic Scroll Shoppe.
  6578 | D:6      | Bought a scroll of enchant weapon for 82 gold pieces
  6578 | D:6      | Bought a scroll of identify for 22 gold pieces
  6578 | D:6      | Bought a scroll of identify for 22 gold pieces
  6578 | D:6      | Bought a scroll of identify for 22 gold pieces
  6578 | D:6      | Bought a scroll of identify for 22 gold pieces
  6648 | D:6      | Reached skill level 11 in Axes
  6747 | D:6      | Found Loozoech's Assorted Antiques.
  6750 | D:6      | Bought a scroll of identify for 54 gold pieces
  6750 | D:6      | Bought a scroll of identify for 54 gold pieces
  6871 | D:7      | Found a flagged portal.
  6888 | D:7      | Reached XP level 9. HP: 40/70 MP: 9/9
  7017 | Bailey   | Entered a bailey
  7098 | Bailey   | Reached skill level 12 in Axes
  7461 | Bailey   | Reached **** piety under Trog
  7768 | Bailey   | Noticed an orc warlord
  7813 | Bailey   | Killed an orc warlord
  7814 | Bailey   | Reached skill level 13 in Axes
  7814 | Bailey   | Reached XP level 10. HP: 32/77 MP: 10/10
  7830 | Bailey   | Reached skill level 14 in Axes
  8518 | D:7      | Gained mutation: You are weak. (Str -2) [potion of
                  | mutation]
  8518 | D:7      | Gained mutation: You have large cloven feet. [potion of
                  | mutation]
  8518 | D:7      | Gained mutation: Armour fits poorly on your strangely
                  | shaped body. [potion of mutation]
  8519 | D:7      | Lost mutation: Armour fits poorly on your strangely shaped
                  | body. [potion of mutation]
  8519 | D:7      | Lost mutation: You have large cloven feet. [potion of
                  | mutation]
  8519 | D:7      | Lost mutation: You are weak. (Str -2) [potion of mutation]
  8519 | D:7      | Gained mutation: You are weak. (Str -2) [potion of
                  | mutation]
  8519 | D:7      | Gained mutation: You have a somewhat thin skeletal
                  | structure. (Dex +2, Stealth+) [potion of mutation]
  8519 | D:7      | Gained mutation: You are agile. (Dex +2) [potion of
                  | mutation]
  8520 | D:7      | Lost mutation: You have a somewhat thin skeletal structure.
                  | (Dex +2, Stealth+) [potion of mutation]
  8520 | D:7      | Lost mutation: You are agile. (Dex +2) [potion of mutation]
  8520 | D:7      | Lost mutation: You are weak. (Str -2) [potion of mutation]
  8520 | D:7      | Gained mutation: You are clumsy. (Dex -2) [potion of
                  | mutation]
  8520 | D:7      | Gained mutation: You have large cloven feet. [potion of
                  | mutation]
  8521 | D:7      | Lost mutation: You are clumsy. (Dex -2) [potion of
                  | mutation]
  8521 | D:7      | Lost mutation: You have large cloven feet. [potion of
                  | mutation]
  8521 | D:7      | Gained mutation: You occasionally shout uncontrollably at
                  | your foes. [potion of mutation]
  8521 | D:7      | Gained mutation: Your spells are a little harder to cast,
                  | but a little more powerful. [potion of mutation]
  8522 | D:7      | Reached skill level 15 in Axes
  8522 | D:7      | Reached skill level 5 in Crossbows
  8522 | D:7      | Reached skill level 10 in Evocations
  8522 | D:7      | Reached XP level 11. HP: 69/82 MP: 11/11
  8523 | D:7      | Reached XP level 12. HP: 76/90 MP: 12/12
  9085 | D:8      | Found a shimmering blue altar of Sif Muna.
  9102 | D:8      | Reached skill level 16 in Axes
  9678 | D:8      | Found a bloodstained altar of Trog.
 10061 | D:9      | Noticed Erolcha
 10067 | D:9      | Killed Erolcha
 10410 | D:9      | Found a runed translucent door.
 10415 | D:9      | Noticed GayMysterio's ghost (novice GrEE)
 10884 | D:9      | Noticed a two-headed ogre
 10886 | D:9      | Killed a two-headed ogre
 11454 | D:9      | Found a shadowy altar of Dithmenos.
 11463 | D:9      | Found a snail-covered altar of Cheibriados.
 11823 | D:9      | Killed GayMysterio's ghost
 11824 | D:9      | Reached skill level 17 in Axes
 11929 | D:10     | Entered Level 10 of the Dungeon
 12285 | D:10     | Found a broken altar of Ashenzari.
 12682 | D:10     | Found a shimmering altar of Xom.
 12720 | D:10     | Found an opulent altar of Gozag.
 12723 | D:10     | Killed from afar by a gargoyle

Illustrated notes

Levels and vault maps discovered:
D:1:      minmay_arrival_shattered_statue, layout_loops_corners,
          dreamdust_ecumenical_altar_statues
D:2:      layout_basic, serial_aquarium, aquarium_bridge_straight
          [aquarium_subvault_bridge, aquarium_subvault_wall,
          aquarium_subvault_bridge, aquarium_subvault_window],
          aquarium_window_fake, aquarium_window_corridor_1, aquarium_view_2e
D:3:      layout_loops_corners, beargit_hepliaklqana_dungeon_heroes,
          minmay_snake_closets
D:4:      layout_rooms, hangedman_ru_absence, amcnicky_altar_gilded,
          serial_shops, shop, uniq_natasha
D:5:      layout_basic, minmay_temple_entry_wispy, serial_co_window_serial,
          co_window_paths_a, co_window_cross_1, co_window_paths_b,
          co_window_paths_b, co_window_cross_1, co_window_corner_a,
          co_window_paths_a, co_window_2corner, co_window_2corner,
          co_window_2corner, co_window_cross_2, co_window_unsneaky_path_e,
          co_window_corner_ca, glass_columns_a, glass_columns_b,
          glass_columns_a, glass_columns_c
D:6:      layout_cave_pools, serial_shops, nicolae_shop_advertising_works
          [nicolae_subvault_shop_adworks], shop_scrolls,
          nicolae_shop_statue_plus, kennysheep_mini, shop, gammafunk_ghost_arena
D:7:      layout_gridville, enter_bailey_5
D:8:      layout_basic, mainiacjoe_overflow_24_doors, led_sif_book
D:9:      layout_basic, mainiacjoe_overflow_catch_the_wave,
          ebering_ghost_inner_flame, uniq_erolcha
D:10:     gammafunk_mikee_crab_dinner, layout_stronghold,
          nicolae_ashenzari_skybound, mainiacjoe_overflow_boulevard,
          mainiacjoe_overflow_big_doors
Temple:   minmay_temple_curvy_loop

Skill      XL: |  1  2  3  4  5  6  7  8  9 10 11 12 |
---------------+-------------------------------------+-----
Axes           | 5 6 7 8 9 11 13 15 17 | 17.1
Dodging        | 2 3 6 |  6.0
Evocations     | 2 4 6 9 10 12 | 12.4
Crossbows      | 5 7 8 |  8.1
Fighting       | |  3.6
Armour         | |  2.1
Shields        | |  0.3

Action                   |  1- 3 |  4- 6 |  7- 9 | 10-12 || total
-------------------------+-------+-------+-------+-------++-------
Melee: Hand axe          |   100 |    95 |       |       ||   195
       Punch             |     2 |     2 |     2 |     3 ||     9
       War axe           |       |    75 |   234 |   361 ||   670
 Fire: Hand crossbow     |       |       |       |     6 ||     6
Throw: Boomerang         |       |       |    11 |       ||    11
Invok: Berserk           |       |     2 |     4 |     5 ||    11
       Trog's Hand       |       |       |     4 |     3 ||     7
       Brothers in Arms  |       |       |     1 |       ||     1
Evoke: Wand              |       |       |     9 |     2 ||    11
  Use: Scroll            |     3 |     4 |     6 |     5 ||    18
       Potion            |       |       |     1 |     7 ||     8
 Stab: Paralysed         |       |       |       |     5 ||     5
       Confused          |       |       |       |     1 ||     1
Armor: Animal skin       |    24 |       |       |       ||    24
       Plate armour      |     5 |    93 |   148 |   126 ||   372
       Leather armour    |     2 |       |       |       ||     2
Dodge: Dodged            |    62 |    46 |    90 |    90 ||   288
Block: Other             |     5 |    44 |    44 |    57 ||   150
       Reflection        |       |     2 |       |     2 ||     4

Table legend: (Time is in decaauts)
 A = Elapsed time spent in this place.
 B = Non-inter-level travel time spent in this place.
 C = Inter-level travel time spent in this place.
 D = Time resting spent in this place.
 E = Time spent auto-exploring this place.
 F = Levels seen in this place.
 G = Mean time per level.
                   A        B        C        D        E       F      G
               +--------+--------+--------+--------+--------+-----+--------+
         Total |  12717 |  12207 |    510 |   1308 |   9069 |  12 | 1059.8 |
       Dungeon |  11362 |  10874 |    488 |    593 |   8806 |  10 | 1136.2 |
        Temple |    216 |    194 |     22 |      0 |    188 |   1 |  216.0 |
        Bailey |   1137 |   1137 |      0 |    715 |     75 |   1 | 1137.0 |
               +--------+--------+--------+--------+--------+-----+--------+

Top non-repeatable levels by time:
     D:9: 1917 daAuts
     D:3: 1858 daAuts
     D:1: 1268 daAuts
     D:8: 1231 daAuts
     D:5: 1149 daAuts
  Bailey: 1137 daAuts
     D:2: 880 daAuts
     D:4: 798 daAuts
     D:7: 791 daAuts
     D:6: 751 daAuts
    D:10: 714 daAuts
  Temple: 216 daAuts
